 Dungeon Crawl Stone Soup version 0.31-a0-986-g5e6e4ef867 (webtiles) character file.

Game seed: 12497599235979729505

6838 promet the Cleaver (level 10, -1/84 HPs)
             Began as a Minotaur Fighter on Nov 21, 2023.
             Was a Believer of Hepliaklqana.
             Succumbed to barbed spike wounds
             ... on level 9 of the Dungeon.
             The game lasted 00:31:09 (12999 turns).

promet the Cleaver (Minotaur Fighter)              Turns: 12999, Time: 00:31:10

Health: -1/84      AC:  8    Str: 28    XL:     10   Next: 77%
Magic:  9/9        EV: 12    Int:  9    God:    Hepliaklqana [**....]
Gold:   366        SH:  0    Dex: 15    Spells: 9/9 levels left

rFire   . . .        a - +0 battleaxe
rCold   . . .        (shield currently unavailable)
rNeg    . . .        E - +0 steam dragon scales
rPois   .            (helmet restricted)
rElec   .            d - +0 cloak
rCorr   .            (no gloves)
SInv    .            (no boots)
Will    .....        (no amulet)
Stlth   +++          f - +6 ring of strength
HPRegen 0.34/turn    y - +6 ring of dexterity
MPRegen 0.11/turn

%: no passive effects
@: spiked
A: reduced essence, horns 2, retaliatory headbutt
a: Renounce Religion, Recall Ancestor, Ancestor Identity


You were on level 9 of the Dungeon.
You worshipped Hepliaklqana.
Hepliaklqana was pleased with you.
You visited 2 branches of the dungeon, and saw 10 of its levels.

You collected 366 gold pieces.

Inventory:

Hand Weapons
 a - a +0 battleaxe (weapon)
 b - a +3 sling
 w - a +0 great sword
 z - a +0 trident
 B - a +0 war axe
 J - a +3 scimitar
Missiles
 n - 10 poisoned darts
 G - 8 boomerangs
 K - 17 stones
Armour
 c - a +0 buckler
 d - a +0 cloak (worn)
 i - a +1 plate armour
 k - a +0 scale mail
 l - a +0 troll leather armour
 E - +0 steam dragon scales (worn)
Jewellery
 f - a +6 ring of strength (left hand)
 g - an amulet of guardian spirit
 o - a ring of poison resistance
 u - a ring of see invisible
 y - a +6 ring of dexterity (right hand)
Wands
 h - a wand of paralysis (2)
Scrolls
 e - 6 scrolls of poison
 p - a scroll of enchant armour
 q - 3 scrolls of teleportation
 s - 4 scrolls of amnesia
 C - a scroll of immolation
 D - a scroll of fear
 I - a scroll of identify
Potions
 j - a potion of brilliance {unknown}
 m - a potion of magic {unknown}
 r - 4 potions of lignification
 t - a potion of degeneration {unknown}
 v - 2 potions of curing {unknown}
 x - 2 potions of berserk rage {unknown}
 A - a potion of cancellation {unknown}
 F - 2 potions of haste


   Skills:
 * Level 10.4 Fighting
 + Level 12.2 Axes
 + Level 5.5 Ranged Weapons
 + Level 1.7 Throwing
 + Level 7.4 Armour
 + Level 1.6 Dodging
 + Level 5.2 Stealth
 + Level 4.5 Shields
 + Level 0.4 Evocations


You had 9 spell levels left.
You didn't know any spells.
Your spell library contained the following spells:

 Spells                   Type           Power      Damage    Failure   Level
 Magic Dart               Conj           0%         1d3       38%         1
 Call Imp                 Summ           0%         N/A       52%         2
 Mephitic Cloud           Conj/Pois/Air  0%         N/A       77%         3


Dungeon Overview and Level Annotations

Branches:
Dungeon (9/15)             Temple (1/1) D:4
   Lair: D:8-11         Orc: D:9-12

Altars:
Ashenzari
Cheibriados
Dithmenos
Elyvilon
Fedhas
Hepliaklqana
Kikubaaqudgha
Makhleb
Nemelex Xobeh
Okawaru
Qazlal
Ru
Sif Muna
Uskayaw
Vehumet
Wu Jian
Xom
Yredelemnul
Zin
The Shining One

Shops:
D:4 :

Annotations:
D:5 1 runed translucent door
D:6 exclusion: statue
D:9 Amaemon
Temple 2 transporters


Innate Abilities, Weirdness & Mutations

Your life essence is reduced to manifest your ancestor. (-10% HP)
You have a pair of horns on your head.
You reflexively headbutt those who attack you in melee.


Message History

You closely miss the red devil.
The red devil is heavily wounded.
The red devil hits you from afar with a +0 trident!
Barbed spikes become lodged in your body.
The red devil hits Lucius with a +0 spear!!
Lucius hits the red devil with a +0 dagger of draining!
Lucius hits the red devil with a +0 dagger of draining.
You hit the red devil.
You kill the red devil!
The red devil hits you from afar with a +0 trident!
Barbed spikes become lodged in your body.
The red devil barely misses you.
You swap places.
Found a robe.
The barbed spikes dig painfully into your body as you move.
The red devil hits you with a +0 trident!!
* * * LOW HITPOINT WARNING * * *
Barbed spikes become lodged in your body.
There is an open door, spattered with blood here.
Items here: ( )) [ ÷.
The barbed spikes dig painfully into your body as you move.
* * * LOW HITPOINT WARNING * * *
The red devil barely misses you. You furiously retaliate!
You headbutt the red devil! The red devil blocks your attack.
Your headbutt misses the red devil.
The red devil is heavily wounded.
Lucius hits the red devil with a +0 dagger of draining!
Lucius hits the red devil with a +0 dagger of draining.
The red devil hits Lucius with a +0 trident!
You slice the red devil!!
You kill the red devil!
The barbed spikes dig painfully into your body as you move.
* * * LOW HITPOINT WARNING * * *
The red devil hits Lucius with a +0 trident!
Lucius is destroyed!
There is an open door, spattered with blood here.
Items here: ( )) [ ÷.
The barbed spikes dig painfully into your body as you move.
* * * LOW HITPOINT WARNING * * *
The barbed spikes dig painfully into your body as you move.
You die...

....(...4.#. ... ..#
..........+.## ... ##..#
......)hh.#.§§ #.# .$..#
.......<..#.≈§.#.#..§..#
####+######§§≈.#4#.≈≈.#
#...[..)..§.#
##..##)######
##.÷.......# ##.@......#
#........# #........#
+........# #........#
#........# #........#
##+#######


You could see a red devil.

Vanquished Creatures
  2 two-headed ogres
  2 red devils (D:9)
  A troll (D:7)
  A wyvern (D:6)
  5 yaks
  A steam dragon (D:7)
  2 water moccasins
  5 ice beasts
  2 orc warriors
  A black bear (D:7)
  An ogre (D:5)
  2 phantoms
  A kobold brigand (D:8)
  3 bullfrogs
  3 gnoll sergeants
  3 scorpions (D:5)
  3 wights (D:8)
  4 howler monkeys (D:6)
  6 hounds
  2 orc priests
  2 sleepcaps
  2 iguanas
  3 orc wizards (D:6)
  4 adders
  12 gnolls
  A shadow imp (D:7)
  5 worms
  6 dart slugs
  14 orcs
  4 bats
  6 endoplasms
  6 giant cockroaches
  12 goblins
  7 hobgoblins
  8 jackals
  4 quokkas
  5 ball pythons
  A frilled lizard (D:3)
  6 kobolds
  4 rats
162 creatures vanquished.

Vanquished Creatures (collateral kills)
  5 yaks
  A steam dragon (D:7)
  2 sky beasts (D:7)
  An ice beast (D:7)
  A bullfrog (D:7)
  2 orcs (D:8)
  2 goblins (D:7)
  2 kobolds (D:8)
  A quokka (D:5)
17 creatures vanquished.

Vanquished Creatures (others)
  3 ancestors
  3 hexers
6 creatures vanquished.

Grand Total: 185 creatures vanquished

Notes
Turn   | Place    | Note
-------+----------+-------------------------------------------
     0 | D:1      | promet the Minotaur Fighter began the quest for the Orb.
     0 | D:1      | Reached XP level 1. HP: 19/19 MP: 0/0
   240 | D:1      | You fall into a shaft and drop 1 floor!
   991 | D:1      | Reached XP level 2. HP: 27/27 MP: 1/1
  1448 | D:1      | Reached XP level 3. HP: 33/33 MP: 2/2
  1945 | D:2      | Reached skill level 3 in Axes
  2280 | D:3      | Found a sparkling altar of Nemelex Xobeh.
  2356 | D:3      | Reached XP level 4. HP: 41/41 MP: 3/3
  2656 | D:3      | Reached skill level 4 in Axes
  2948 | D:3      | Reached XP level 5. HP: 47/47 MP: 4/4
  3049 | D:3      | Found a faded altar of an unknown god.
  3524 | D:4      | Found a staircase to the Ecumenical Temple.
  3639 | D:4      | Found Xofuit's Vocational Training.
  3677 | D:4      | Reached skill level 5 in Armour
  3840 | D:4      | Found a basalt altar of Yredelemnul.
  4311 | D:4      | Found a snail-covered altar of Cheibriados.
  4578 | D:4      | Found a hide-covered altar of Uskayaw.
  4678 | D:5      | Entered Level 5 of the Dungeon
  4975 | D:5      | Noticed an ice beast
  4986 | D:5      | Killed an ice beast
  4987 | D:5      | Reached skill level 5 in Fighting
  4987 | D:5      | Reached skill level 5 in Axes
  4987 | D:5      | Reached XP level 6. HP: 56/56 MP: 5/5
  5159 | Temple   | Found a transporter.
  5159 | Temple   | Found a transporter.
  5159 | Temple   | Found a transporter.
  5159 | Temple   | Found a transporter.
  5159 | Temple   | Entered the Ecumenical Temple
  5189 | Temple   | Became a worshipper of Hepliaklqana the Forgotten
  5278 | D:5      | Reached skill level 1 in Stealth
  5678 | D:5      | Found an iron altar of Okawaru.
  5709 | D:5      | Reached skill level 6 in Axes
  5712 | D:5      | Noticed an ice beast
  5713 | D:5      | Found a runed translucent door.
  5721 | D:5      | Killed an ice beast
  5722 | D:5      | Reached XP level 7. HP: 53/62 MP: 6/6
  5886 | D:5      | Reached skill level 1 in Ranged Weapons
  6080 | D:5      | Reached skill level 7 in Axes
  6594 | D:5      | Found the +0 toga "Victory" {*Victory Clar}
  6617 | D:5      | Reached XP level 8. HP: 70/70 MP: 7/7
  7602 | D:6      | Found a radiant altar of Vehumet.
  7667 | D:6      | Reached skill level 8 in Axes
  8225 | D:6      | Reached skill level 9 in Axes
  8628 | D:7      | Reached * piety under Hepliaklqana
  8917 | D:6      | Reached XP level 9. HP: 45/72 MP: 5/8
  9104 | D:7      | Noticed a troll
  9113 | D:7      | Killed a troll
  9241 | D:7      | Reached skill level 10 in Axes
 10797 | D:8      | Reached ** piety under Hepliaklqana
 10799 | D:8      | Remembered your ancestor Lucius as a hexer
 10892 | D:8      | Found an ornate altar of the Wu Jian Council.
 10968 | D:8      | Reached XP level 10. HP: 70/81 MP: 9/9
 10973 | D:8      | Reached skill level 11 in Axes
 11220 | D:8      | Noticed a two-headed ogre
 11228 | D:8      | Killed a two-headed ogre
 11229 | D:8      | Reached skill level 5 in Ranged Weapons
 11753 | D:9      | Noticed a two-headed ogre
 11761 | D:9      | Killed a two-headed ogre
 11762 | D:9      | Reached skill level 10 in Fighting
 11762 | D:9      | Reached skill level 1 in Throwing
 12133 | D:9      | Noticed Amaemon
 12133 | D:9      | Noticed an orange demon
 12172 | D:8      | Reached skill level 1 in Dodging
 12628 | D:9      | Reached skill level 12 in Axes
 12628 | D:9      | Reached skill level 5 in Stealth
 12998 | D:9      | HP: 3/84 [barbs]
 12999 | D:9      | Succumbed to barbed spike wounds

Illustrated notes

Levels and vault maps discovered:
D:1:      elethiomel_arrival_quiet, layout_loops_ring, nicolae_hexahallways
D:2:      layout_basic
D:3:      layout_loops_corners, nemelex_spade_bored_becter,
          shapermc_ecumenical_altar_gd
D:4:      layout_loops_ring, cheibriados_altar_1, nicolae_uskayaw_suspiria,
          old_standard_altar, minmay_temple_entry_overgrown,
          nicolae_shop_vocational
D:5:      layout_loops_ring, nicolae_overflow_guarded_unrand_okawaru_victory,
          mainiacjoe_sewer_entry_somewhere_in_here_1,
          chequers_serial_rivers_small_a, nicolae_figureground_pulse
D:6:      layout_rooms, vehumet_statue
D:7:      layout_cave_pools, enter_bailey_5
D:8:      layout_loops_corners, mainiacjoe_overflow_chevrons
D:9:      layout_roguey, orc_0_dummy, einodemon_armed_red_devil_minivault,
          uniq_amaemon
Temple:   hellmonk_temple_divided_pantheon

Skill      XL: |  1  2  3  4  5  6  7  8  9 10 |
---------------+-------------------------------+-----
Fighting       | 4 5 6 8 9 10 | 10.4
Armour         | 4 5 6 7 |  7.4
Shields        | 4 |  4.5
Axes           | 3 4 5 6 7 9 10 12 | 12.2
Stealth        | 1 2 3 5 |  5.2
Ranged Weapons | 1 4 5 |  5.5
Throwing       | 1 |  1.7
Dodging        | 1 |  1.6
Evocations     | |  0.4

Action                     |  1- 3 |  4- 6 |  7- 9 | 10-12 || total
---------------------------+-------+-------+-------+-------++-------
  Melee: War axe           |    73 |   111 |   108 |       ||   292
         Headbutt          |    10 |    17 |    46 |     9 ||    82
         Battleaxe         |       |       |    81 |    38 ||   119
   Fire: Sling             |       |     3 |    50 |       ||    53
  Throw: Stone             |       |     2 |     4 |       ||     6
         Dart              |       |       |     2 |     7 ||     9
         Throwing net      |       |       |       |     1 ||     1
 Invoke: Recall Ancestor   |       |       |     2 |     1 ||     3
         Ancestor Life: He |       |       |     1 |       ||     1
  Evoke: Wand              |       |     3 |     2 |       ||     5
    Use: Scroll            |     5 |     6 |     5 |       ||    16
         Potion            |       |     3 |       |       ||     3
   Stab: Paralysed         |       |     9 |     1 |       ||    10
         Confused          |       |       |     1 |     2 ||     3
         Distracted        |       |       |     1 |     1 ||     2
         Sleeping          |       |       |     1 |       ||     1
 Armour: Scale mail        |     5 |       |       |       ||     5
         Plate armour      |    57 |    66 |   163 |       ||   286
         Troll leather arm |       |       |    19 |       ||    19
         Steam dragon scal |       |       |    17 |    38 ||    55
  Dodge: Dodged            |    23 |    26 |    55 |    25 ||   129
  Block: Buckler           |     7 |    15 |    17 |       ||    39

Table legend: (Time is in decaauts)
 A = Elapsed time spent in this place.
 B = Non-inter-level travel time spent in this place.
 C = Inter-level travel time spent in this place.
 D = Time resting spent in this place.
 E = Time spent auto-exploring this place.
 F = Levels seen in this place.
 G = Mean time per level.
                   A        B        C        D        E       F      G
               +--------+--------+--------+--------+--------+-----+--------+
         Total |  13088 |  12692 |    396 |   5824 |   4277 |  10 | 1308.8 |
       Dungeon |  13037 |  12641 |    396 |   5824 |   4277 |   9 | 1448.6 |
        Temple |     50 |     50 |      0 |      0 |      0 |   1 |   50.0 |
               +--------+--------+--------+--------+--------+-----+--------+

Top non-repeatable levels by time:
     D:5: 2662 daAuts
     D:8: 2633 daAuts
     D:6: 1633 daAuts
     D:7: 1304 daAuts
     D:3: 1264 daAuts
     D:4: 1263 daAuts
     D:2: 1226 daAuts
     D:1: 1011 daAuts
  Temple: 50 daAuts
     D:9: 38 daAuts
